 Dungeon Crawl Stone Soup version 0.24.0-37-gcf1ca852f1 (webtiles) character file.

Game seed: 17846446193752961445, levelgen mode: deterministic

6048 FishyPogo the Martial Artist (level 10, 0/76 HPs)
             Began as a Gnoll Transmuter on Nov 30, 2019.
             Was a Priest of Wu Jian.
             Killed by vampiric draining
             ... invoked by a vampire
              (16 damage)
             ... on level 9 of the Dungeon.
             The game lasted 00:43:03 (7002 turns).

FishyPogo the Martial Artist (Gnoll Transmuter)     Turns: 7002, Time: 00:43:03

Health: 0/76       AC: 17    Str: 14    XL:     10   Next: 87%
Magic:  19/19      EV: 19    Int: 16    God:    Wu Jian [***...]
Gold:   350        SH:  0    Dex: 19    Spells: 18/24 levels left

rFire    . . .     SeeInvis +   b - +2 mace (holy)
rCold    + . .     Gourm    +   (no shield)
rNeg     . . .     Faith    .   I - +2 ring mail {rC+}
rPois    .         Spirit   .   F - +1 helmet {SInv}
rElec    .         Reflect  .   e - +1 cloak
rCorr    .         Harm     .   k - +0 pair of gloves
MR       .....                  (no boots)
Stlth    +++.......             q - amulet of the gourmand
HPRegen  0.22/turn              w - +3 ring of evasion
MPRegen  0.16/turn              l - +3 ring of protection

@: exhausted
A: distributed training, fangs 1, agile 1, blurry vision 1, low mp 1, strong
nose
a: Wall Jump, Serpent's Lash, Renounce Religion


You were on level 9 of the Dungeon.
You worshipped Wu Jian.
Wu Jian was most pleased with you.
You were very full.

You visited 1 branch of the dungeon, and saw 9 of its levels.

You collected 485 gold pieces.
You spent 135 gold pieces at shops.

Inventory:

Hand Weapons
 a - a +5 mace
 b - a +2 mace of holy wrath (weapon)
Missiles
 c - 210 stones
 f - 3 curare-tipped darts
 h - 11 javelins
 u - 165 arrows
 A - 34 poisoned darts (quivered)
 B - 7 datura-tipped darts
 E - 17 boomerangs
Armour
 e - a +1 cloak (worn)
 k - a +0 pair of gloves (worn)
 F - a +1 helmet of see invisible (worn)
 I - a +2 ring mail of cold resistance (worn)
Jewellery
 l - a +3 ring of protection (right hand)
 q - an amulet of the gourmand (around neck)
 w - a +3 ring of evasion (left hand)
 x - an uncursed ring of flight
 H - an uncursed amulet of faith
Wands
 m - a wand of random effects (33)
 s - a wand of scattershot (4)
Scrolls
 g - a scroll of fear {unknown}
 n - 4 scrolls of identify {unknown}
 o - 6 scrolls of teleportation {unknown}
 p - a scroll of brand weapon {unknown}
 t - 6 scrolls of remove curse
 v - 2 scrolls of enchant armour
 y - a scroll of fog {unknown}
 G - 4 scrolls of magic mapping {unknown}
Potions
 D - 2 potions of curing
Comestibles
 d - 17 rations


   Skills:
 + Level 6.2 Fighting
 + Level 5.6 Short Blades
 + Level 5.6 Long Blades
 + Level 5.6 Axes
 + Level 5.6 Maces & Flails
 + Level 5.6 Polearms
 + Level 5.6 Staves
 + Level 5.6 Slings
 + Level 5.6 Bows
 + Level 5.6 Crossbows
 + Level 5.6 Throwing
 + Level 5.6 Armour
 + Level 7.3 Dodging
 + Level 5.6 Stealth
 + Level 5.6 Shields
 + Level 8.7 Unarmed Combat
 + Level 7.6 Spellcasting
 + Level 4.6 Conjurations
 + Level 4.6 Hexes
 + Level 4.6 Charms
 + Level 4.6 Summonings
 + Level 4.6 Necromancy
 + Level 4.6 Translocations
 + Level 6.0 Transmutations
 + Level 4.6 Fire Magic
 + Level 4.6 Ice Magic
 + Level 4.6 Air Magic
 + Level 4.6 Earth Magic
 + Level 4.6 Poison Magic
 + Level 6.1 Invocations
 + Level 5.6 Evocations


You had 18 spell levels left.
You knew the following spells:

 Your Spells              Type           Power        Failure   Level  Hunger
s - Sticks to Snakes      Tmut           ####....     2%          2    None
u - Spider Form           Tmut/Pois      ###.......   8%          3    ##.....
y - Beastly Appendage     Tmut           ####..       1%          1    None

Your spell library contained the following spells:

 Spells                   Type           Power        Failure   Level  Hunger
 Animate Skeleton         Necr           N/A          3%          1    None
 Apportation              Tloc           ###...       3%          1    None
 Confusing Touch          Hex            ###...       3%          1    None
 Summon Small Mammal      Summ           ###.         3%          1    None
 Ice Form                 Ice/Tmut       ###.....     24%         4    ####...
 Blade Hands              Tmut           ####......   45%         5    #####..


Dungeon Overview and Level Annotations

Branches:
Dungeon (9/15)             Temple (0/1) D:5
   Lair: D:8-11         Orc: D:9-12

Altars:
Dithmenos
Makhleb
Trog
Uskayaw
Vehumet
Wu Jian
Xom
The Shining One

Shops:
D:6 :!   D:7 =   D:9 %

Annotations:
D:3 1 runed translucent door
D:8 2 transporters, Taega's ghost, novice HOHu


Innate Abilities, Weirdness & Mutations

Your experience applies equally to all skills.
You have very sharp teeth.
Your uncanny sense of smell can sniff out nearby items.
You are agile. (Dex +2)
Scrolls take you a little longer to read.
Your magical capacity is low. (-10% MP)


Message History

You barely miss the vampire. You bite the vampire, but do no damage.
The vampire is moderately damaged.
The vampire completely misses you.
The vampire bites you but does no damage.
You hit the vampire but do no damage.
The vampire is moderately damaged.
The vampire barely misses you. The vampire completely misses you.
You spin and attack the vampire, with incredible momentum.
You thump the vampire!
The vampire convulses!
You punch the vampire, but do no damage.
The vampire is almost destroyed.
Found 11 gold pieces.
You spin and attack the vampire, with incredible momentum.
You hit the vampire.
The vampire convulses.
The vampire is almost destroyed.
Your supernatural speed expires.
You closely miss the vampire.
The vampire is almost destroyed.
The vampire is infused with unholy energy.
You die...

#..$... #[.....
#.....# #....≈≈
#.....# ###.≈≈≈
#...(.# #...≈ #....:#
#.... #.....# #....
#.....# #.... #....○#
#...≈
#...@V###########....
#...................>
####.....≈≈≈≈≈≈......
#.....≈≈≈≈≈≈.≈....
#......≈≈≈≈≈[.....
#.................
#.............####
###############


You could see a vampire (pinned).

Vanquished Creatures
  A two-headed ogre (D:8)
  A centaur skeleton (D:9)
  A troll (D:9)
  A hippogriff (D:8)
  A human (D:8)
  A yak (D:8)
  3 hogs (D:8)
  2 water moccasins
  An orc warrior (D:8)
  A sky beast (D:9)
  An ice beast (D:8)
  A black bear (D:5)
  A hornet zombie (D:9)
  An ogre (D:6)
  A phantom (D:6)
  5 centaurs
  6 bullfrogs
  A gnoll sergeant (D:8)
  4 scorpions
  4 killer bees (D:8)
  7 wights
  6 crimson imps
  A bullfrog zombie (D:9)
  9 hounds
  9 orc priests
  16 orc wizards
  A bullfrog skeleton (D:5)
  6 worker ants
  3 iguanas
  A worker ant zombie (D:7)
  4 gnolls (D:8)
  7 adders
  4 shadow imps
  An ooze (D:1)
  2 worms
  5 leopard geckos
  32 orcs
  6 bats
  11 giant cockroaches
  12 goblins
  3 hobgoblins
  10 jackals
  4 quokkas
  A ball python (D:2)
  4 frilled lizards
  A jackal skeleton (D:4)
  10 kobolds
  2 leopard gecko skeletons
  A quokka skeleton (D:5)
  A quokka zombie (D:6)
  4 rats
222 creatures vanquished.

Notes
Turn   | Place    | Note
-------+----------+-------------------------------------------
     0 | D:1      | FishyPogo the Gnoll Transmuter began the quest for the Orb.
     0 | D:1      | Reached XP level 1. HP: 17/17 MP: 6/6
    82 | D:1      | Reached XP level 2. HP: 15/23 MP: 7/7
   412 | D:1      | Reached XP level 3. HP: 18/28 MP: 7/9
   657 | D:2      | Reached skill level 5 in Spellcasting
   680 | D:2      | Found an ornate altar of the Wu Jian Council.
   688 | D:2      | Became a worshipper of the Wu Jian Council
   935 | D:2      | Reached skill level 1 in Invocations
   960 | D:2      | Found a radiant altar of Vehumet.
   961 | D:2      | Found a burning altar of Makhleb.
  1062 | D:2      | Reached skill level 1 in Short Blades
  1062 | D:2      | Reached skill level 1 in Long Blades
  1062 | D:2      | Reached skill level 1 in Axes
  1062 | D:2      | Reached skill level 1 in Maces & Flails
  1062 | D:2      | Reached skill level 1 in Polearms
  1062 | D:2      | Reached skill level 1 in Staves
  1062 | D:2      | Reached skill level 1 in Slings
  1062 | D:2      | Reached skill level 1 in Bows
  1062 | D:2      | Reached skill level 1 in Crossbows
  1062 | D:2      | Reached skill level 1 in Throwing
  1062 | D:2      | Reached skill level 1 in Armour
  1062 | D:2      | Reached skill level 1 in Stealth
  1062 | D:2      | Reached skill level 1 in Shields
  1062 | D:2      | Reached skill level 1 in Evocations
  1298 | D:2      | Reached XP level 4. HP: 26/34 MP: 11/11
  1493 | D:2      | Learned a level 3 spell: Spider Form
  1734 | D:3      | Reached skill level 1 in Conjurations
  1734 | D:3      | Reached skill level 1 in Hexes
  1734 | D:3      | Reached skill level 1 in Charms
  1734 | D:3      | Reached skill level 1 in Summonings
  1734 | D:3      | Reached skill level 1 in Necromancy
  1734 | D:3      | Reached skill level 1 in Translocations
  1734 | D:3      | Reached skill level 1 in Fire Magic
  1734 | D:3      | Reached skill level 1 in Ice Magic
  1734 | D:3      | Reached skill level 1 in Air Magic
  1734 | D:3      | Reached skill level 1 in Earth Magic
  1734 | D:3      | Reached skill level 1 in Poison Magic
  1929 | D:3      | Reached * piety under Wu Jian
  1929 | D:3      | Reached XP level 5. HP: 40/40 MP: 10/12
  2092 | D:3      | Found a glowing golden altar of the Shining One.
  2092 | D:3      | Found a runed translucent door.
  2092 | D:3      | Noticed an angel
  2665 | D:4      | Reached XP level 6. HP: 47/47 MP: 9/13
  2805 | D:4      | Found a bloodstained altar of Trog.
  2954 | D:4      | Reached skill level 5 in Dodging
  3296 | D:5      | Entered Level 5 of the Dungeon
  3326 | D:5      | Reached XP level 7. HP: 50/52 MP: 10/15
  3348 | D:5      | Reached skill level 7 in Unarmed Combat
  3405 | D:5      | Found a staircase to the Ecumenical Temple.
  3494 | D:5      | Reached ** piety under Wu Jian
  3521 | D:5      | Found a shimmering altar of Xom.
  3558 | D:5      | Found a hide-covered altar of Uskayaw.
  3655 | D:5      | Reached XP level 8. HP: 47/60 MP: 10/16
  4011 | D:6      | Found Bahy Aro's Distillery.
  4025 | D:6      | Bought a potion of heal wounds for 75 gold pieces
  4025 | D:6      | Bought a potion of degeneration for 15 gold pieces
  4025 | D:6      | Bought a potion of curing for 45 gold pieces
  4099 | D:6      | Found Ziqoafeb's Book Boutique.
  4485 | D:7      | Reached XP level 9. HP: 38/66 MP: 15/18
  4492 | D:7      | Reached *** piety under Wu Jian
  4492 | D:7      | Reached skill level 5 in Transmutations
  4692 | D:7      | Found Xotip's Jewellery Shoppe.
  4913 | D:8      | Found a transporter.
  4917 | D:8      | Noticed Taega's ghost (novice HOHu)
  5073 | D:8      | Found a shadowy altar of Dithmenos.
  5081 | D:8      | Noticed a two-headed ogre
  5103 | D:8      | Killed a two-headed ogre
  5103 | D:8      | Reached skill level 5 in Fighting
  5103 | D:8      | Reached skill level 8 in Unarmed Combat
  5103 | D:8      | Reached skill level 5 in Invocations
  5128 | D:8      | Learned a level 2 spell: Sticks to Snakes
  5164 | D:8      | Reached **** piety under Wu Jian
  5188 | D:8      | Reached XP level 10. HP: 25/74 MP: 16/20
  5325 | D:8      | Reached skill level 5 in Short Blades
  5325 | D:8      | Reached skill level 5 in Long Blades
  5325 | D:8      | Reached skill level 5 in Axes
  5325 | D:8      | Reached skill level 5 in Maces & Flails
  5325 | D:8      | Reached skill level 5 in Polearms
  5325 | D:8      | Reached skill level 5 in Staves
  5325 | D:8      | Reached skill level 5 in Slings
  5325 | D:8      | Reached skill level 5 in Bows
  5325 | D:8      | Reached skill level 5 in Crossbows
  5325 | D:8      | Reached skill level 5 in Throwing
  5325 | D:8      | Reached skill level 5 in Armour
  5325 | D:8      | Reached skill level 5 in Stealth
  5325 | D:8      | Reached skill level 5 in Shields
  5325 | D:8      | Reached skill level 5 in Evocations
  5698 | D:8      | Found a transporter.
  6070 | D:8      | Reached ***** piety under Wu Jian
  6636 | D:9      | Found Xosuiqec's Food Emporium.
  6971 | D:9      | Gained mutation: Scrolls take you a little longer to read.
                  | [potion of mutation]
  6971 | D:9      | Gained mutation: Your magical capacity is low. (-10% MP)
                  | [potion of mutation]
  6971 | D:9      | Gained mutation: You are agile. (Dex +2) [potion of
                  | mutation]
  7002 | D:9      | Killed from afar by a vampire

Levels and vault maps discovered:
D:1:      dpeg_arrival_pond, layout_rooms, fountainhead
D:2:      layout_basic, grunt_temple_overflow_open,
          nicolae_overflow_crystal_walls, chequers_serial_rivers_micro_a
D:3:      layout_basic, lemuel_angel_altar
D:4:      minmay_door_path, layout_basic, overflow_temple_1_default
D:5:      layout_rooms, lemuel_round_altar, lemuel_round_altar,
          minmay_temple_entry_slanted, first_ration
D:6:      layout_cave_pools, serial_shops, shop,
          nicolae_shop_competitors_out_of_business, minmay_misc_feat_pillars
D:7:      layout_rooms, serial_shops, nicolae_shop_window_shopping
D:8:      layout_basic, grunt_dithmenos_smoke_and_mirrors,
          gammafunk_ghost_stat_death, grunt_livestock
D:9:      layout_basic, david_orc_4, serial_shops, shop_coins,
          kennysheep_generic_room_4

Skill      XL: |  1  2  3  4  5  6  7  8  9 10 |
---------------+-------------------------------+-----
Spellcasting   | 5 6 7 |  7.6
Invocations    | 1 2 3 4 5 6 |  6.1
Short Blades   | 1 2 3 4 5 |  5.6
Long Blades    | 1 2 3 4 5 |  5.6
Axes           | 1 2 3 4 5 |  5.6
Maces & Flails | 1 2 3 4 5 |  5.6
Polearms       | 1 2 3 4 5 |  5.6
Staves         | 1 2 3 4 5 |  5.6
Slings         | 1 2 3 4 5 |  5.6
Bows           | 1 2 3 4 5 |  5.6
Crossbows      | 1 2 3 4 5 |  5.6
Throwing       | 1 2 3 4 5 |  5.6
Armour         | 1 2 3 4 5 |  5.6
Stealth        | 1 2 3 4 5 |  5.6
Shields        | 1 2 3 4 5 |  5.6
Evocations     | 1 2 3 4 5 |  5.6
Conjurations   | 1 2 3 4 |  4.6
Hexes          | 1 2 3 4 |  4.6
Charms         | 1 2 3 4 |  4.6
Summonings     | 1 2 3 4 |  4.6
Necromancy     | 1 2 3 4 |  4.6
Translocations | 1 2 3 4 |  4.6
Fire Magic     | 1 2 3 4 |  4.6
Ice Magic      | 1 2 3 4 |  4.6
Air Magic      | 1 2 3 4 |  4.6
Earth Magic    | 1 2 3 4 |  4.6
Poison Magic   | 1 2 3 4 |  4.6
Fighting       | 3 4 5 6 |  6.2
Transmutations | 4 5 6 |  6.0
Dodging        | 5 6 7 |  7.3
Unarmed Combat | 7 8 |  8.7

Action                   |  1- 3 |  4- 6 |  7- 9 | 10-12 || total
-------------------------+-------+-------+-------+-------++-------
Melee: Whip              |    93 |    57 |   180 |   132 ||   462
       Kick              |     6 |       |    17 |    25 ||    48
       Unarmed           |     1 |    50 |   127 |    74 ||   252
       Bite              |    12 |     2 |    19 |    34 ||    67
       Headbutt          |     2 |     3 |    10 |       ||    15
       Mace              |    40 |     7 |    24 |   117 ||   188
       Punch             |     1 |     2 |     3 |     9 ||    15
       Rapier            |       |       |    14 |       ||    14
Throw: Dart              |       |     3 |     2 |       ||     5
       Stone             |       |     1 |       |       ||     1
 Cast: Beastly Appendage |    12 |     7 |    13 |     6 ||    38
       Spider Form       |       |     7 |    15 |     7 ||    29
       Sticks to Snakes  |       |       |     3 |       ||     3
Invok: Lunge             |     9 |    25 |    43 |    25 ||   102
       Whirlwind         |       |       |    29 |    15 ||    44
       Serpent's Lash    |       |       |       |     2 ||     2
 Abil: Wall Jump         |       |       |     3 |       ||     3
Evoke: Wand              |       |       |     1 |       ||     1
  Use: Scroll            |       |     6 |       |       ||     6
       Potion            |       |       |     4 |     7 ||    11
 Stab: Sleeping          |     3 |     4 |     2 |     3 ||    12
       Distracted        |       |     1 |       |     1 ||     2
  Eat: Chunk             |     1 |     7 |     8 |    15 ||    31
Armor: Robe              |    24 |     7 |    22 |       ||    53
       Skin              |       |     3 |     4 |     2 ||     9
       Ring mail         |       |       |    30 |    80 ||   110
Dodge: Dodged            |   121 |    82 |   277 |   265 ||   745
